 Dungeon Crawl Stone Soup version 0.31.0-32-g396128a36d (webtiles) character file.

Game seed: 6679727817715979394

45427 PaiMei the Black Sun (level 14, -4/115 HPs)
             Began as a Demonspawn Necromancer on Mar 8, 2024.
             Was a High Priest of Kikubaaqudgha.
             Slain by a death yak (24 damage)
             ... on level 5 of the Lair of Beasts.
             The game lasted 00:31:59 (25936 turns).

PaiMei the Black Sun (Demonspawn Necromancer)      Turns: 25936, Time: 00:32:00

Health: -4/115     AC:  9    Str: 10    XL:     14   Next: 1%
Magic:  6/38       EV: 18    Int: 19    God:    Kikubaaqudgha [*****.]
Gold:   842        SH:  0    Dex: 20    Spells: 11/36 levels left

rFire   . . .        q - +2 dagger (protect)
rCold   + . .        (no shield)
rNeg    . . .        h - +2 leather armour {rC+}
rPois   .            l - +0 helmet
rElec   .            (cloak unavailable)
rCorr   .            (no gloves)
SInv    .            (no boots)
Will    +....        (no amulet)
Stlth   ++           J - ring of magical power
HPRegen 0.39/turn    A - +6 ring of dexterity
MPRegen 0.26/turn

%: no passive effects
@: about to teleport, animating dead (expiring)
A: ignite blood 1, spiny 2, sharp scales 2, weakness stinger 3
a: Renounce Religion, Unearth Wretches, Torment


You were on level 5 of the Lair of Beasts.
You worshipped Kikubaaqudgha.
Kikubaaqudgha was extremely pleased with you.
You visited 4 branches of the dungeon, and saw 18 of its levels.

You collected 911 gold pieces.
You spent 69 gold pieces at shops.

Inventory:

Hand Weapons
 q - a +2 dagger of protection (weapon)
 C - a +3 trident of draining
 H - a +1 trident of venom
Missiles
 n - 3 throwing nets
 M - 2 curare-tipped darts
 R - 9 poisoned darts
Armour
 h - a +2 leather armour of cold resistance (worn)
 l - a +0 helmet (worn)
 Q - an orb of mayhem
 S - a +2 robe of willpower
Jewellery
 a - a +6 ring of dexterity
 o - an amulet of guardian spirit
 t - a ring of poison resistance
 A - a +6 ring of dexterity (right hand)
 J - a ring of magical power (left hand)
 N - a ring of flight
 T - a +5 ring of evasion
 U - an amulet of reflection
 V - a +6 ring of intelligence
Wands
 m - a wand of flame (36)
 s - a wand of light (23)
 B - a wand of roots (14)
 G - a wand of charming (18)
Scrolls
 f - 4 scrolls of enchant weapon
 g - a scroll of immolation {unknown}
 i - 2 scrolls of amnesia {unknown}
 j - 3 scrolls of fog {unknown}
 p - a scroll of blinking {unknown}
 w - 6 scrolls of silence
 x - 3 scrolls of poison {unknown}
 y - 4 scrolls of revelation
 D - a scroll of vulnerability {unknown}
 F - 6 scrolls of teleportation
 I - a scroll of fear {unknown}
 L - 3 scrolls of noise {unknown}
 W - a scroll of identify
Potions
 b - a potion of magic
 c - 4 potions of curing
 d - 3 potions of cancellation
 e - 4 potions of brilliance
 k - a potion of lignification {unknown}
 r - 2 potions of heal wounds
 u - a potion of berserk rage {unknown}
 v - 2 potions of might {unknown}
 z - a potion of ambrosia {unknown}
 E - 2 potions of attraction {unknown}
 K - 4 potions of mutation
 O - 2 potions of degeneration {unknown}
 P - 2 potions of haste {unknown}
 X - a potion of enlightenment {unknown}


   Skills:
 - Level 12.0 Fighting
 + Level 5.7 Armour
 - Level 10.0 Dodging
 - Level 2.0 Stealth
 + Level 11.7 Spellcasting
 + Level 14.2 Necromancy
 + Level 2.9 Evocations


You had 11 spell levels left.
You knew the following spells:

 Your Spells              Type           Power      Damage    Failure   Level
a - Necrotise             Necr           100%       1d9       1%          1
b - Vampiric Draining     Necr           60%        2d10      1%          3
c - Animate Dead          Necr           60%        N/A       1%          4
d - Curse of Agony        Necr           60%        N/A       1%          5
e - Dispel Undead         Necr           60%        3d21      1%          4
f - Anguish               Hex/Necr       19%        N/A       4%          4
g - Martyr's Knell        Necr/Summ      38%        N/A       4%          4

Your spell library contained the following spells:

 Spells                   Type           Power      Damage    Failure   Level
 Cigotuvi's Dreadful Rot  Necr/Alch/Air  58%        N/A       1%          2
 Death Channel            Necr           30%        N/A       3%          6
 Apportation              Tloc           22%        N/A       8%          1
 Foxfire                  Conj/Fire      44%        2x1d6     8%          1
 Sandblast                Erth           22%        2d7       8%          1
 Summon Small Mammal      Summ           44%        N/A       8%          1
 Ensorcelled Hibernation  Hex/Ice        22%        N/A       12%         2
 Jinxbite                 Hex            22%        N/A       12%         2
 Static Discharge         Conj/Air       22%        3-4/arc   12%         2
 Call Canine Familiar     Summ           11%        N/A       24%         3
 Gell's Gravitas          Tloc           11%        N/A       24%         3
 Passwall                 Erth           11%        N/A       24%         3
 Stone Arrow              Conj/Erth      22%        3d8       24%         3
 Teleport Other           Tloc           11%        N/A       24%         3
 Brom's Barrelling Bould  Conj/Erth      11%        2d3       61%         4
 Flame Wave               Conj/Fire      11%        2d6       61%         4
 Olgreb's Toxic Radiance  Alch           11%        N/A       61%         4
 Summon Blazeheart Golem  Fire/Summ      11%        N/A       61%         4
 Alistair's Intoxication  Alch           7%         N/A       91%         5
 Metabolic Englaciation   Hex/Ice        5%         N/A       91%         5
 Conjure Ball Lightning   Conj/Air       5%         3x3d6     100%        6
 Dispersal                Tloc           5%         N/A       100%        6
 Plasma Beam              Fire/Air       5%         2x1d16    100%        6
 Ozocubu's Refrigeration  Ice            5%         4d8       100%        7
 Discord                  Hex            5%         N/A       100%        8
 Disjunction              Tloc           5%         N/A       100%        8
 Fire Storm               Conj/Fire      5%         8d2       100%        9


Dungeon Overview and Level Annotations

Branches:
Dungeon (11/15)            Temple (1/1) D:6            Lair (5/5) D:11
 Shoals (0/4) Lair:2        Snake (0/4) Lair:3          Orc (1/2) D:10
  Slime: Lair:4-5

Altars:
Ashenzari
Cheibriados
Dithmenos
Fedhas
Gozag
Hepliaklqana
Kikubaaqudgha
Makhleb
Nemelex Xobeh
Okawaru
Qazlal
Ru
Sif Muna
Trog
Uskayaw
Vehumet
Wu Jian
Xom
Yredelemnul

Shops:
D:1 :[(   D:4 =   D:7 =   D:9 *

Annotations:
D:3 3 runed translucent doors, seawaffle's ghost, amateur FoHu
D:11 Maurice
Lair:5 exclusion: obsidian statue


Innate Abilities, Weirdness & Mutations

Your demonic aura sometimes causes spilled blood to erupt in flames.
You are mostly covered in sharp spines.
You are mostly covered in razor-sharp scales. (AC +2, Slay +2)
You have a sharp stinger which inflicts weakening toxins.


Message History

The seven-headed hydra bites your black mamba zombie! x2
The water moccasin is struck by your spines.
The water moccasin bites you.
The death yak gores your black mamba zombie!
Your black mamba zombie is destroyed!
The death yak gores you!
You turn to flesh and can move again.
Unknown command.
Casting: Vampiric Draining (safe; 1% risk of failure)
Confirm with . or Enter, or press ? or * to list all spells.
Aiming: Vampiric Draining (safe; 1% risk of failure)
Press: ? - help, Shift-Dir - straight line, f - death yak
Aim: a death yak (heavily wounded)
You draw life force from the death yak.
You feel life coursing into your body.
The blink frog blinks!
The water moccasin closely misses you. The death yak is struck by your spines.
The death yak misses you.
A large slime creature splits.
The yak closely misses you. The death yak is struck by your spines.
The death yak misses you.
Your reaping aura is weakening.
The yak is struck by your spines. The yak misses you.
A water moccasin comes into view.
Found 19 gold pieces.
The water moccasin hisses angrily.
The yak attacks as it pursues you! The yak is struck by your spines.
The yak gores you.
As you read the scroll of teleportation, it crumbles to dust.
You feel strangely unstable.
The seven-headed hydra is struck by your spines.
The seven-headed hydra bites you but does no damage.
The seven-headed hydra bites you! The seven-headed hydra bites you.
The seven-headed hydra bites you but does no damage.
The seven-headed hydra bites you!
* * * LOW HITPOINT WARNING * * *
The seven-headed hydra bites you.
* * * LOW HITPOINT WARNING * * *
The seven-headed hydra closely misses you.
The yak is struck by your spines. The yak completely misses you.
The death yak gores you!!
You die...
Kikubaaqudgha rasps: "You have failed me!
Welcome... death!"

.........#.#
##...##...##
#.#....#...#####
##......#.#.P#P##
#........P..P..##
##...........P..#
#$.....SY......#
#.....F.Y##....#.#
..#..FYJJD@.......
........FYY........
......##...........
..............S....
...........P.......
...#...............
.....P.............
.#..$..............


You could see 3 death yaks, a seven-headed hydra, a slime creature, a yak, 3
blink frogs, 2 water moccasins and a jelly.

Vanquished Creatures
  Snorg (D:11)
  3 two-headed ogres
  5 hydras
  A centaur warrior (D:10)
  A catoblepas (Lair:2)
  A boulder beetle (Lair:3)
  A tengu warrior (D:8)
  3 death yaks
  A spectral anaconda (Lair:5)
  A necromancer (Lair:5)
  12 elephants
  2 black mambas
  Jeremiah (Lair:1)
  8 cane toads
  A gargoyle (D:10)
  An ice devil (Lair:2)
  2 kobold demonologists (D:10)
  4 komodo dragons
  2 rime drakes
  A polar bear (Lair:4)
  2 trolls
  24 blink frogs
  6 wyverns
  3 wraiths
  A basilisk (Lair:2)
  19 yaks
  A death yak simulacrum (Lair:5)
  A steam dragon (D:8)
  5 vampire mosquitoes (D:10)
  A naga (Lair:3)
  3 acid dragons
  10 water moccasins
  10 orc warriors
  2 ice beasts
  2 sky beasts
  7 centaurs
  4 ogres
  18 wolves
  3 kobold brigands
  A gnoll sergeant (D:9)
  8 bullfrogs
  3 scorpions
  6 killer bees
  8 howler monkeys
  An electric eel (Lair:4)
  2 jellies (D:4)
  2 bombardier beetles
  A gnoll bouda (D:4)
  5 hounds
  4 orc priests
  2 iguanas
  3 sleepcaps
  Ijyb (D:4)
  10 orc wizards
  Natasha (twice) (D:4)
  An acid dragon zombie (D:10)
  Robin (D:2)
  13 gnolls
  3 adders
  A river rat (D:6)
  3 shadow imps (D:7)
  2 ufetubi (D:7)
  A dart slug (D:1)
  3 ribbon worms
  43 orcs
  7 endoplasms
  A giant cockroach (D:6)
  20 goblins
  3 hobgoblins
  7 jackals (D:4)
  26 kobolds
  3 quokkas
  4 ball pythons
  4 bats
  5 frilled lizards
  5 rats
389 creatures vanquished.

Vanquished Creatures (collateral kills)
  2 death yaks (Lair:4)
  5 elephants
  2 black mambas
  2 cane toads
  A rime drake (Lair:5)
  A kobold demonologist (D:11)
  A komodo dragon (Lair:1)
  An ice devil (Lair:2)
  3 blink frogs
  A slime creature (Lair:5)
  8 yaks
  A basilisk (Lair:5)
  2 wolves (Lair:4)
  An electric eel (Lair:4)
  An orc (D:3)
  A goblin (D:2)
  A rat (D:1)
34 creatures vanquished.

Vanquished Creatures (others)
  A hydra zombie (Lair:3)
  2 black mamba zombies
  A slime creature zombie (Lair:5)
  A two-headed ogre zombie (D:11)
  4 cane toad zombies
  An elephant zombie (Lair:5)
  A rime drake zombie (Lair:5)
  2 komodo dragon zombies
  5 yak zombies
  A bullfrog zombie (Lair:4)
  2 basilisk zombies
21 creatures vanquished.

Grand Total: 444 creatures vanquished

Notes
Turn   | Place    | Note
-------+----------+-------------------------------------------
     0 | D:1      | PaiMei the Demonspawn Necromancer began the quest for the
                  | Orb.
     0 | D:1      | Reached XP level 1. HP: 13/13 MP: 3/3
    14 | D:1      | Found Xyq Taor's Book Emporium.
   154 | D:1      | Found Ehewic's Antique Armour Shoppe.
   379 | D:1      | Found a faded altar of an unknown god.
   385 | D:1      | Gained mutation: You are partially covered in razor-sharp
                  | scales. (AC +1, Slay +1) [demonic ancestry]
   385 | D:1      | Reached XP level 2. HP: 19/19 MP: 1/5
   537 | D:1      | Found Yreib's Weapon Shop.
  1747 | D:2      | Reached XP level 3. HP: 25/25 MP: 3/6
  1751 | D:2      | Learned a level 3 spell: Vampiric Draining
  2239 | D:2      | Noticed Robin
  2275 | D:2      | Killed Robin
  2276 | D:2      | Reached skill level 1 in Fighting
  2672 | D:3      | Gained mutation: Your demonic aura sometimes causes spilled
                  | blood to erupt in flames. [demonic ancestry]
  2672 | D:3      | Reached XP level 4. HP: 11/32 MP: 4/7
  2678 | D:2      | HP: 1/32 [poisoned by an adder]
  3286 | D:3      | Reached skill level 5 in Necromancy
  3421 | D:3      | Found a runed translucent gate.
  3421 | D:3      | Found a runed translucent gate.
  3421 | D:3      | Found a runed translucent gate.
  3422 | D:3      | Noticed seawaffle's ghost (amateur FoHu)
  3657 | D:3      | Reached XP level 5. HP: 21/38 MP: 2/9
  3853 | D:4      | Got Caacvon's Annotations on the Summer
  3889 | D:4      | Noticed an ogre
  3897 | D:4      | Killed an ogre
  4008 | D:4      | Noticed Natasha
  4011 | D:4      | Killed Natasha
  4075 | D:4      | Gained mutation: You are partially covered in sharp spines.
                  | [demonic ancestry]
  4075 | D:4      | Reached XP level 6. HP: 46/46 MP: 1/11
  4550 | D:4      | Reached skill level 6 in Necromancy
  4550 | D:4      | Reached XP level 7. HP: 52/52 MP: 8/12
  4888 | D:4      | Noticed Natasha
  4896 | D:4      | Killed Natasha
  5180 | D:4      | Noticed Ijyb
  5187 | D:4      | Killed Ijyb
  5271 | D:4      | Found Keoc's Jewellery Emporium.
  5611 | D:5      | Entered Level 5 of the Dungeon
  5819 | D:5      | Gained mutation: You have a small tail. [demonic ancestry]
  5819 | D:5      | Reached XP level 8. HP: 36/61 MP: 2/15
  6282 | D:5      | Found a hide-covered altar of Uskayaw.
  6567 | D:5      | Learned a level 4 spell: Animate Dead
  6645 | D:6      | Reached skill level 5 in Spellcasting
  6645 | D:6      | Reached skill level 7 in Necromancy
  6772 | D:6      | Found a staircase to the Ecumenical Temple.
  6799 | D:6      | Reached skill level 5 in Dodging
  7125 | D:6      | Reached skill level 5 in Fighting
  8068 | D:6      | Gained mutation: You have a tail ending in a sharp stinger.
                  | [demonic ancestry]
  8068 | D:6      | Reached XP level 9. HP: 68/68 MP: 11/17
  8387 | D:7      | Found Goqyig's Jewellery Shoppe.
  8651 | D:7      | Reached skill level 8 in Necromancy
 10481 | D:8      | Noticed a tengu warrior
 10487 | D:8      | Killed a tengu warrior
 10747 | D:8      | Reached skill level 9 in Necromancy
 10924 | D:8      | Reached XP level 10. HP: 56/79 MP: 19/20
 11127 | Temple   | Entered the Ecumenical Temple
 11136 | Temple   | Became a worshipper of Kikubaaqudgha
 11877 | D:9      | Reached * piety under Kikubaaqudgha
 11877 | D:9      | Received a gift from Kikubaaqudgha
 12132 | D:9      | Found Ackesu Cipt's Assorted Antiques.
 12140 | D:9      | Bought a scroll labelled MITEACHI CAMIJO for 23 gold pieces
 12140 | D:9      | Bought a scroll labelled BIFRON FIMNO for 23 gold pieces
 12140 | D:9      | Bought a scroll labelled HIRPHI HICISOY for 23 gold pieces
 12321 | D:10     | Entered Level 10 of the Dungeon
 13366 | D:10     | Noticed a soul eater
 13367 | D:10     | Noticed a smoke demon
 13374 | D:10     | Reached skill level 10 in Necromancy
 13376 | D:10     | Noticed a soul eater
 13514 | D:10     | Noticed a gargoyle
 13672 | D:10     | Noticed a centaur warrior
 13677 | D:10     | Killed a centaur warrior
 13706 | D:10     | Found a staircase to the Orcish Mines.
 14131 | D:10     | Reached ** piety under Kikubaaqudgha
 14138 | D:10     | Gained mutation: You have a sharp stinger which inflicts
                  | weakening toxins. [demonic ancestry]
 14138 | D:10     | Reached XP level 11. HP: 87/87 MP: 23/23
 14427 | D:10     | Noticed a two-headed ogre
 14437 | D:10     | Killed a two-headed ogre
 14935 | D:10     | Found a sparkling altar of Nemelex Xobeh.
 15261 | D:11     | Learned a level 5 spell: Curse of Agony
 15342 | D:11     | Noticed Snorg
 15460 | D:11     | Noticed a two-headed ogre
 15469 | D:11     | Killed a two-headed ogre
 15703 | D:11     | Killed Snorg
 15704 | D:11     | Reached skill level 11 in Necromancy
 16025 | D:11     | Noticed a two-headed ogre
 16399 | Orc:1    | Entered Level 1 of the Orcish Mines
 16483 | D:11     | Killed a two-headed ogre
 16586 | D:11     | Found a staircase to the Lair.
 16615 | D:11     | Noticed Maurice
 16713 | D:11     | Found a shimmering blue altar of Sif Muna.
 17094 | D:11     | Something stole a ring of protection from fire
 17098 | D:11     | Something stole 21 poisoned darts
 17104 | D:11     | Something stole a +0 tower shield
 17937 | Lair:1   | Entered Level 1 of the Lair of Beasts
 19065 | Lair:1   | Gained mutation: You are mostly covered in razor-sharp
                  | scales. (AC +2, Slay +2) [demonic ancestry]
 19065 | Lair:1   | Reached XP level 12. HP: 25/97 MP: 0/25
 19500 | Lair:1   | Noticed Jeremiah
 19510 | Lair:1   | Killed Jeremiah
 19511 | Lair:1   | Reached skill level 10 in Fighting
 19664 | Lair:2   | Found a staircase to the Shoals.
 19828 | Lair:2   | Reached skill level 12 in Necromancy
 19910 | Lair:2   | Reached *** piety under Kikubaaqudgha
 19910 | Lair:2   | Received a gift from Kikubaaqudgha
 20349 | Lair:2   | Noticed a five-headed hydra
 20361 | Lair:2   | Killed a five-headed hydra
 20362 | Lair:2   | Reached skill level 10 in Spellcasting
 20523 | Lair:2   | Noticed a catoblepas
 20529 | Lair:2   | Killed a catoblepas
 20530 | Lair:2   | Reached skill level 10 in Dodging
 21088 | Lair:2   | Learned a level 4 spell: Dispel Undead
 21093 | Lair:2   | Learned a level 4 spell: Anguish
 21098 | Lair:2   | Learned a level 4 spell: Martyr's Knell
 21125 | Lair:3   | Found a staircase to the Snake Pit.
 21272 | Lair:3   | Reached skill level 1 in Armour
 21920 | Lair:3   | Noticed a boulder beetle
 21986 | Lair:3   | HP: 3/100 [boulder beetle (7)]
 21988 | Lair:3   | Killed a boulder beetle
 21989 | Lair:3   | Reached XP level 13. HP: 23/106 MP: 2/27
 22293 | Lair:3   | Reached skill level 13 in Necromancy
 22531 | Lair:3   | Reached **** piety under Kikubaaqudgha
 22944 | Lair:3   | Got the Disquisition on Alluring Traumaturgy
 24161 | Lair:4   | Reached ***** piety under Kikubaaqudgha
 24714 | Lair:4   | Reached skill level 5 in Armour
 24714 | Lair:4   | Reached skill level 1 in Evocations
 25322 | Lair:5   | Entered Level 5 of the Lair of Beasts
 25340 | Lair:5   | Noticed a dire elephant
 25340 | Lair:5   | Noticed a dire elephant
 25340 | Lair:5   | Noticed a dire elephant
 25341 | Lair:5   | Noticed a dire elephant
 25355 | Lair:5   | Reached skill level 14 in Necromancy
 25922 | Lair:5   | Gained mutation: You are mostly covered in sharp spines.
                  | [demonic ancestry]
 25922 | Lair:5   | Reached XP level 14. HP: 88/115 MP: 8/29
 25936 | Lair:5   | Slain by a death yak

Illustrated notes

Levels and vault maps discovered:
D:1:      elethiomel_arrival_shortcut, layout_basic, serial_shops,
          nicolae_shop_tiny_waterfront, shop, shop,
          ebering_ecumenical_altar_sacrificial
D:2:      layout_basic, serial_bayou, serial_bayou_pond_c, serial_bayou_shore_b,
          serial_bayou_shore_a, serial_bayou_lagoon_a,
          amcnicky_mini_rare_corridor_liquid, nrook_uturn, uniq_robin
D:3:      layout_rooms, gammafunk_ghost_necromancy, corexii_hall_statues_t
D:4:      kennysheep_the_goblin_king, layout_loops_ring, serial_shops,
          nicolae_shop_gaudy_bauble, uniq_natasha
D:5:      layout_basic, jmf_multi_god_temple
D:6:      layout_basic, minmay_temple_entry_overgrown, gup_sewer_entry_bubbles,
          nrook_campfire, nicolae_eternal_life
D:7:      layout_layer_cave, mainiacjoe_overflow_paths, serial_demonic,
          serial_demonic_g, serial_demonic_g, serial_demonic_d,
          serial_demonic_c, minmay_shop_enchanted_jewellery
D:8:      hellmonk_ruined_rings, layout_basic
D:9:      layout_gridville, serial_shops, shop
D:10:     layout_long_grid, nemelex_diamond_rough_becter, david_orc_5,
          minmay_between
D:11:     layout_layer_cave, david_lair_shrubbed,
          nicolae_sif_muna_little_library, uniq_maurice, uniq_snorg
Temple:   regret_index_temple_chain_breaker
Lair:1:   layout_cave_pods, uniq_jeremiah
Lair:2:   layout_loops_ring, shoals_dummy_entry, portal_ice_cave_demonic_guard
Lair:3:   layout_gridlike, guppyfry_snake_entry_garden
Lair:4:   layout_gridlike
Lair:5:   due_jungle_book, layout_misc_corridors, minmay_slime_entry_pillars
Orc:1:    layout_diamond_mine, lightli_volcano_entry_magma_tube, mines1_david

Skill      XL: |  1  2  3  4  5  6  7  8  9 10 11 12 13 |
---------------+----------------------------------------+-----
Stealth        | 2 |  2.0
Dodging        | 2 3 4 5 6 8 9 10 | 10.0
Fighting       | 1 2 3 4 5 7 8 9 11 12 | 12.0
Necromancy     | 5 6 7 9 10 11 12 14 | 14.2
Spellcasting   | 3 4 5 6 8 9 10 11 | 11.7
Armour         | 2 5 |  5.7
Evocations     | 2 |  2.9

Action                     |  1- 3 |  4- 6 |  7- 9 | 10-12 | 13-15 || total
---------------------------+-------+-------+-------+-------+-------++-------
  Melee: Unarmed           |     3 |       |       |       |       ||     3
         Flail             |    18 |       |       |       |       ||    18
         Whip              |     3 |       |       |       |       ||     3
         Dagger            |       |    27 |    81 |   198 |    31 ||   337
         Tailslap          |       |       |     7 |    40 |     8 ||    55
         Punch             |       |       |     3 |     2 |     1 ||     6
   Cast: Necrotise         |    69 |    57 |   123 |   131 |    29 ||   409
         Vampiric Draining |       |     8 |    80 |   263 |   139 ||   490
         Animate Dead      |       |       |       |     6 |     5 ||    11
         Dispel Undead     |       |       |       |       |     4 ||     4
    Use: Scroll            |       |       |       |     9 |     1 ||    10
         Potion            |       |       |       |     1 |       ||     1
   Stab: Sleeping          |       |       |     1 |       |       ||     1
         Distracted        |       |       |       |     1 |       ||     1
 Armour: Robe              |    31 |    30 |   108 |   117 |       ||   286
         Leather armour    |       |       |       |   227 |   175 ||   402
  Dodge: Dodged            |    25 |    26 |   117 |   459 |   203 ||   830
